 Dungeon Crawl Stone Soup version 0.30.0-10-gfe55d96785 (webtiles) character file.

Game seed: 16553941616893012654

23 Kaboulah the Grave Robber (level 3, 28/28 HPs)
             Began as a Human Wanderer on May 13, 2023.
             Quit the game on level 1 of the Dungeon.
             The game lasted 00:07:46 (424 turns).

Kaboulah the Grave Robber (Human Wanderer)           Turns: 424, Time: 00:07:46

Health: 28/28      AC:  6    Str: 10    XL:     3   Next: 12%
Magic:  4/4        EV:  9    Int: 16    God:
Gold:   36         SH:  0    Dex: 12    Spells: 4/4 levels left

rFire   . . .        l - +3 dagger
rCold   . . .        (no shield)
rNeg    . . .        g - +0 ring mail
rPois   .            (no helmet)
rElec   .            (no cloak)
rCorr   .            (no gloves)
SInv    .            d - +0 pair of boots
Will    .....        h - amulet of the acrobat
Stlth   +            (no ring)
HPRegen 0.24/turn    (no ring)
MPRegen 0.09/turn

%: acrobat
@: no status effects
A: no striking features
a: no special abilities


You were on level 1 of the Dungeon.
You visited 1 branch of the dungeon, and saw 1 of its levels.

You collected 36 gold pieces.

Inventory:

Hand Weapons
 l - a +3 dagger (weapon)
Armour
 d - a +0 pair of boots (worn)
 g - a +0 ring mail (worn)
Jewellery
 h - an amulet of the acrobat (around neck)
Scrolls
 b - a scroll of teleportation
 i - a scroll of butterflies {unknown}
 j - a scroll of identify {unknown}
 k - a scroll of immolation {unknown}
Potions
 a - a potion of lignification {unknown}
 e - a potion of cancellation {unknown}
 f - a potion of haste {unknown}


   Skills:
 * Level 2.5 Fighting
 - Level 1.0 Throwing
 - Level 1.0 Armour
 - Level 2.0 Stealth
 - Level 1.0 Spellcasting
 - Level 3.0 Necromancy
 - Level 2.0 Earth Magic


You had 4 spell levels left.
You didn't know any spells.
Your spell library contained the following spells:

 Spells                   Type           Power      Damage    Failure   Level
 Necrotise                Necr           40%        1d6       17%         1
 Sandblast                Erth           14%        2d6       26%         1
 Sublimation of Blood     Necr           10%        N/A       26%         2
 Beastly Appendage        Tmut           0%         N/A       50%         1
 Stone Arrow              Conj/Erth      8%         3d7       75%         3
 Dispel Undead            Necr           10%        3d9       86%         4


Dungeon Overview and Level Annotations

Branches:
Dungeon (1/15)

Altars:
Okawaru


Message History

You hit the kobold.
The kobold is heavily wounded.
The kobold closely misses you.
You hit the kobold.
You kill the kobold!
Things that are here:
a +0 whip; a kobold corpse
Found a faded altar of an unknown god.
You are caught in the web!
There is a web here.
You disentangle yourself.
You pick up Plato's Atlas of Transmigration and begin reading...
You add the spell Beastly Appendage to your library.
There is a faded altar of an unknown god here.
This altar belongs to (a) Qazlal, (b) Okawaru or (c) Yredelemnul, but you can't tell which.
Press the corresponding letter to learn more about a god, or press enter to convert or escape to cancel.
Okawaru accepts your prayer! Okawaru welcomes you!
You can now gain great but temporary skills.
Unknown command.
Press < or > to pray at altars.
Unknown command.
Press < or > to pray at altars.
Really renounce your faith, foregoing its fabulous benefits?
Uppercase [Y]es or [N]o only, please.
Really renounce your faith, foregoing its fabulous benefits?
Are you sure?
Okay, then.
Unknown command.
Press < or > to pray at altars.
You offer a prayer to Okawaru.
Unknown command.
Press < or > to pray at altars.
You offer a prayer to Okawaru.
You offer a prayer to Okawaru.
Really renounce your faith, foregoing its fabulous benefits?
Are you sure?
You have lost your religion!
Okawaru does not appreciate desertion!
You kneel at the altar of Okawaru.
Are you sure you want to abandon this character and quit the game? (Confirm with "yes".)

##...................
##...)..##.....######.
####...##.....^...# ###.
###.....#P...#.......###††.
#......#.##..#...........#.
#....P#.#....#.........###.
#....#.#.##............###.
#....#.#.#.^.##............
#....#.# #@..#........##.##
#....#.#P#.^.............##
#....#.#.##............####
#....)#.#..............##..
#......#.##...........#...#
#.....†P#..................
######...##................
##.............#.##.##
##..............##.##


There were no monsters in sight!

Vanquished Creatures
  2 dart slugs (D:1)
  2 ball pythons (D:1)
  2 bats (D:1)
  3 giant cockroaches (D:1)
  2 goblins (D:1)
  2 hobgoblins (D:1)
  A frilled lizard (D:1)
  3 kobolds (D:1)
17 creatures vanquished.

Notes
Turn   | Place    | Note
-------+----------+-------------------------------------------
     0 | D:1      | Kaboulah the Human Wanderer began the quest for the Orb.
     0 | D:1      | Kaboulah set off with the following items: a +0 club, a
                  | scroll of teleportation, a +0 robe, a +0 pair of boots; and
                  | the following spells available to memorise: Necrotise,
                  | Sandblast, Sublimation of Blood, Stone Arrow, Dispel
                  | Undead.
     0 | D:1      | Reached XP level 1. HP: 13/13 MP: 2/2
   110 | D:1      | Reached skill level 1 in Fighting
   174 | D:1      | Reached XP level 2. HP: 21/22 MP: 3/3
   390 | D:1      | Reached XP level 3. HP: 24/28 MP: 4/4
   412 | D:1      | Found a faded altar of an unknown god.
   421 | D:1      | Got Plato's Atlas of Transmigration
   422 | D:1      | Prayed at the altar of an unknown god.
   422 | D:1      | Became a worshipper of Warmaster Okawaru
   422 | D:1      | Reached * piety under Okawaru
   423 | D:1      | Fell from the grace of Okawaru
   424 | D:1      | Quit the game

Illustrated notes

Levels and vault maps discovered:
D:1:      dpeg_arrival_rooms_b, layout_rooms,
          shapermc_ecumenical_altar_rom_forum, serial_shops,
          nicolae_shop_temple_entry_statues_fountains

Skill      XL: |  1  2 |
---------------+-------+-----
Fighting       | 1 2 |  2.5
Throwing       | |  1.0
Armour         | |  1.0
Stealth        | |  2.0
Spellcasting   | |  1.0
Necromancy     | |  3.0
Earth Magic    | |  2.0

Action                     || total
---------------------------++-------
  Melee: Short sword       ||    99
         Club              ||    16
         Dagger            ||     2
 Invoke: Renounce Religion ||     1
 Armour: Ring mail         ||    65
         Robe              ||     4
  Dodge: Dodged            ||    89
